 Dungeon Crawl Stone Soup version 0.30-a0-777-ga9a30cbeda (webtiles) character file.

Game seed: 14452272855366739892

224 Smoke131 the Chucker (level 6, -10/46 (61) HPs)
             Began as an Ogre Gladiator on Feb 14, 2023.
             Mangled by Edmund
             ... wielding a +1 flail of draining
              (11 damage)
             ... on level 3 of the Dungeon.
             The game lasted 00:10:46 (3723 turns).

Smoke131 the Chucker (Ogre Gladiator)               Turns: 3723, Time: 00:10:46

HP:   -10/46 (61)   AC:  4    Str: 17 (19) XL:     6   Next: 0%
MP:   6/6           EV: 10    Int:  9      God:
Gold: 76            SH:  0    Dex: 12      Spells: 5/5 levels left

rFire   . . .      SeeInvis .    o - +1 mace (holy)
rCold   . . .      Faith    .    (no shield)
rNeg    . . .      Spirit   .    b - +0 robe
rPois   .          Reflect  .    c - +1 hat
rElec   .          Harm     .    (no cloak)
rCorr   .          Rampage  .    (gloves unavailable)
Will    .....                    (boots unavailable)
Stlth   +                        (no amulet)
HPRegen 0.27/turn                (no ring)
MPRegen 0.10/turn                (no ring)

@: about to teleport, heavily drained
A: large, unfitting armour, tough skin 1
a: no special abilities


You were on level 3 of the Dungeon.
You visited 1 branch of the dungeon, and saw 4 of its levels.

You collected 142 gold pieces.
You spent 66 gold pieces at shops.

Inventory:

Hand Weapons
 a - a +0 flail
 o - a +1 mace of holy wrath (weapon)
Missiles
 d - 3 throwing nets
 e - a large rock
 i - a poisoned dart (quivered)
 k - 2 atropa-tipped darts
Armour
 b - a +0 robe (worn)
 c - a +1 hat (worn)
Scrolls
 g - a scroll of teleportation
 h - 4 scrolls of identify
Potions
 f - a potion of curing
 j - a potion of mutation {unknown}


   Skills:
 - Level 3.0 Fighting
 - Level 3.0 Maces & Flails
 + Level 5.6 Throwing
 - Level 3.0 Dodging


You had 5 spell levels left.
You didn't know any spells.
Your spell library contained the following spells:

 Spells                   Type           Power      Damage    Failure   Level
 Shock                    Conj/Air       0%         1d3       38%         1
 Swiftness                Air            0%         N/A       77%         3
 Airstrike                Air            0%         2d(0-16)  99%         4
 Summon Forest            Summ/Tloc      0%         N/A       100%        5
 Summon Mana Viper        Hex/Summ       0%         N/A       100%        5
 Summon Cactus Giant      Summ           0%         N/A       100%        6


Dungeon Overview and Level Annotations

Branches:
Dungeon (4/15)
 Temple: D:4-7

Altars:
Fedhas

Shops:
D:4 ?

Annotations:
D:3 Edmund, Ijyb
D:4 Menkaure


Innate Abilities, Weirdness & Mutations

You are too large for most types of armour.
You have tough skin. (AC +1)


Message History

Edmund attacks as you move away! Edmund barely misses you.
Edmund attacks as you move away!
Edmund hits you with a +1 flail of draining!
You feel drained.
Edmund looks more healthy.
Edmund says, "People think my brother is the best.
I think he's crazy."
Edmund attacks as you move away! Edmund closely misses you.
Throw: 3 darts (poison)
Press: ? - help, Q - select action, (/) - cycle Shift-Dir - straight line, f/p - Edmund
Aim: Edmund, wielding a +1 flail of draining and wearing a +0 leather armour (heavily wounded, 60% to hit)
You throw a poisoned dart. The poisoned dart hits Edmund.
Edmund is poisoned.
Edmund is heavily wounded.
Edmund hits you with a +1 flail of draining.
You feel drained.
Ijyb screams, "You nasty!
Big nasty!"
Edmund attacks as you move away! Edmund completely misses you.
Throw: 2 darts (poison)
Press: ? - help, Q - select action, (/) - cycle Shift-Dir - straight line, f/p - Edmund
Aim: Edmund, wielding a +1 flail of draining and wearing a +0 leather armour (severely wounded, poisoned, 60% to hit)
You throw a poisoned dart.
The poisoned dart closely misses Edmund.
Edmund hits you with a +1 flail of draining!
You feel drained. Edmund attacks as you move away!
Edmund hits you with a +1 flail of draining.
You feel drained.
Edmund looks more healthy.
Edmund attacks as you move away!
Edmund hits you with a +1 flail of draining!
* * * LOW HITPOINT WARNING * * *
You feel drained.
* * * LOW HITPOINT WARNING * * *
As you read the scroll of teleportation, it crumbles to dust.
You feel strangely unstable.
Edmund hits you with a +1 flail of draining!
* * * LOW HITPOINT WARNING * * *
You feel drained.
* * * LOW HITPOINT WARNING * * *
Edmund attacks as you move away!
Edmund hits you with a +1 flail of draining!
You die...

########## #........#
############........###
#......#..##...........
###########.#...............
#.(.......#.##.#............
#####.###.....#....#............
#.....# #.##########.........###
#.##### #(...g@@...#.........#
#...##############...#########
###g#...# ##### #.#.#.###
####.......# .......#.#.#
.......#.#.##########
.......#.#..........#
#......#.##########.#


You could see Edmund and Ijyb.

Vanquished Creatures
  An ogre (D:4)
  6 gnolls (D:3)
  3 adders (D:2)
  A dart slug (D:1)
  5 bats
  5 endoplasms
  2 giant cockroaches (D:3)
  3 goblins
  3 hobgoblins
  2 jackals (D:3)
  5 kobolds
  A quokka (D:2)
  8 ball pythons
  3 frilled lizards
  7 rats
55 creatures vanquished.

Notes
Turn   | Place    | Note
-------+----------+-------------------------------------------
     0 | D:1      | Smoke131 the Ogre Gladiator began the quest for the Orb.
     0 | D:1      | Reached XP level 1. HP: 22/22 MP: 1/1
   791 | D:1      | Reached XP level 2. HP: 31/31 MP: 2/2
  1362 | D:2      | Reached XP level 3. HP: 21/37 MP: 3/3
  1883 | D:2      | Reached skill level 3 in Throwing
  2097 | D:2      | Found a faded altar of an unknown god.
  2290 | D:3      | Reached XP level 4. HP: 45/45 MP: 4/4
  2419 | D:3      | Reached skill level 4 in Throwing
  2675 | D:3      | Reached XP level 5. HP: 22/53 MP: 5/5
  3302 | D:4      | Found a blossoming altar of Fedhas.
  3304 | D:4      | Noticed Menkaure
  3396 | D:4      | Noticed an ogre
  3408 | D:4      | Killed an ogre
  3409 | D:4      | Reached skill level 5 in Throwing
  3491 | D:4      | Noticed Ijyb
  3491 | D:4      | Noticed Edmund
  3525 | D:3      | Reached XP level 6. HP: 52/61 MP: 6/6
  3556 | D:4      | Found Feliffo's Magic Scroll Shop.
  3559 | D:4      | Bought a scroll of teleportation for 33 gold pieces
  3559 | D:4      | Bought a scroll of teleportation for 33 gold pieces
  3722 | D:3      | HP: 2/48 [Edmund/+1 flail of draining (7)]
  3723 | D:3      | Mangled by Edmund

Illustrated notes

Levels and vault maps discovered:
D:1:      minmay_arrival_checkered_box, layout_basic, bh_walls_and_bars
D:2:      layout_basic, ebering_ecumenical_altar_box
D:3:      layout_basic, chequers_serial_rivers_micro_d, minmay_circle_x
D:4:      layout_basic, mainiacjoe_overflow_catwalk, minmay_temple_entry_waves,
          serial_shops, nicolae_stop_n_shop_2, kennysheep_cross_room,
          minmay_starry_boxes, uniq_edmund, uniq_menkaure, uniq_ijyb

Skill      XL: |  1  2  3  4  5 |
---------------+----------------+-----
Fighting       | 3 |  3.0
Maces & Flails | 3 |  3.0
Dodging        | 3 |  3.0
Throwing       | 3 4 5 |  5.6

Action                     |  1- 3 |  4- 6 || total
---------------------------+-------+-------++-------
  Melee: Flail             |    66 |       ||    66
         Mace              |    26 |    83 ||   109
         Punch             |       |     1 ||     1
  Throw: Stone             |     4 |     2 ||     6
         Dart              |     4 |    17 ||    21
         Large rock        |     1 |     1 ||     2
    Use: Potion            |     1 |     4 ||     5
         Scroll            |     4 |     3 ||     7
   Stab: Sleeping          |     3 |     1 ||     4
 Armour: Robe              |    26 |    44 ||    70
  Dodge: Dodged            |    49 |    97 ||   146

Table legend: (Time is in decaauts)
 A = Elapsed time spent in this place.
 B = Non-inter-level travel time spent in this place.
 C = Inter-level travel time spent in this place.
 D = Time resting spent in this place.
 E = Time spent auto-exploring this place.
 F = Levels seen in this place.
 G = Mean time per level.
                   A        B        C        D        E       F      G
               +--------+--------+--------+--------+--------+-----+--------+
         Total |   3765 |   3618 |    147 |    318 |   2411 |   4 |  941.2 |
       Dungeon |   3765 |   3618 |    147 |    318 |   2411 |   4 |  941.2 |
               +--------+--------+--------+--------+--------+-----+--------+

Top non-repeatable levels by time:
     D:1: 1339 daAuts
     D:3: 1167 daAuts
     D:2: 1040 daAuts
     D:4: 218 daAuts
